 Dungeon Crawl Stone Soup version 0.18-a0-1788-g92de1ac (webtiles) character file.

637 Etesian the Chopper (level 7, -1/61 HPs)
             Began as a Minotaur Fighter on Apr 21, 2016.
             Slain by an ogre
             ... wielding a +0 giant spiked club
              (14 damage)
             ... on level 4 of the Dungeon.
             The game lasted 00:10:19 (3185 turns).

Etesian the Chopper (Minotaur Fighter)              Turns: 3185, Time: 00:10:20

Health: -1/61      AC:  7    Str: 23    XL:     7   Next: 25%
Magic:  6/6        EV:  8    Int:  5    God:
Gold:   223        SH: 12    Dex:  9    Spells: 0 memorised, 6 levels left

rFire  . . .     SeeInvis .     a - +0 war axe
rCold  . . .     Gourm    .     e - +0 scale mail (curse)
rNeg   . . .     Faith    .     c - +0 shield
rPois  +         Spirit   .     (helmet restricted)
rElec  .         Dismiss  .     (no cloak)
rCorr  .         Reflect  +     (no gloves)
SustAt .         Harm     .     (no boots)
MR     .....                    i - +2 amulet of reflection
Stlth  ..........               (no ring)
                                m - ring of poison resistance

@: not resistant to hostile enchantments, extremely unstealthy
A: retaliatory headbutt, horns 2
a: no special abilities


You were on level 4 of the Dungeon.
You were not hungry.

You visited 1 branch of the dungeon, and saw 6 of its levels.

You collected 223 gold pieces.

Inventory:

Hand Weapons
 a - a +0 war axe (weapon)
Armour
 c - a +0 shield (worn)
 e - a cursed +0 scale mail (worn)
Jewellery
 i - a +2 amulet of reflection (around neck)
 m - a ring of poison resistance (left hand)
Scrolls
 h - a scroll of enchant weapon {unknown}
 j - a scroll of identify
 q - a scroll of amnesia
Potions
 b - 3 potions of degeneration
 d - a potion of might
 g - a potion of agility
 k - a potion of magic
 n - 3 potions of curing
Comestibles
 f - 4 bread rations
 o - a slice of pizza


   Skills:
 + Level 5.6 Fighting
 * Level 6.4 Axes
 + Level 5.5 Armour
 + Level 5.5 Shields


You had 6 spell levels left.
You didn't know any spells.

Dungeon Overview and Level Annotations

Branches:
Dungeon (6/15)
 Temple: D:4-7

Altars:
Elyvilon


Innate Abilities, Weirdness & Mutations

You reflexively headbutt those who attack you in melee.
You have a pair of horns on your head.


Message History

There is an open door here.
An ogre comes into view. It is wielding a giant spiked club.
The ogre shouts!
An ogre is nearby!
The ogre hits you with a giant spiked club!
You take 11 damage, and have 50/61 hp.
You hit the ogre. You headbutt the ogre!
The ogre is heavily wounded.
The ogre hits you with a giant spiked club!
You take 15 damage, and have 35/61 hp.
MASSIVE DAMAGE!!
You slash the ogre!
The ogre is severely wounded.
The ogre hits you with a giant spiked club!!
* * * LOW HITPOINT WARNING * * *
You take 22 damage, and have 13/61 hp.
MASSIVE DAMAGE!!
You are too injured to fight recklessly!
You completely miss the ogre.
The ogre is severely wounded.
The ogre hits you with a giant spiked club!
You die...

#########'#########....
#..........#####
#...............
#######..#########...
#.....#..##.....##...
#.....'..........'...
#.....#..........#...
###.....#..###..######.
#.....@##..###..######.
#.....O#.....#.......#.
#......#.....#.......#.
#(.....#.....#.......#.
+......#.....#.......#.
#......################
#....... #.......


You could see an ogre.

Vanquished Creatures
  Edmund (D:5)
  An ogre (D:6)
  2 centaurs (D:6)
  An orc priest (D:3)
  Jessica (D:2)
  An iguana (D:6)
  2 worker ants (D:5)
  Robin (D:2)
  4 adders
  2 oozes
  4 worms
  A dart slug (D:3)
  3 giant geckos
  3 orcs (D:3)
  3 giant cockroaches
  13 goblins
  10 hobgoblins
  2 quokkas
  5 bats
  2 giant newts
  A jackal skeleton (D:6)
  5 kobolds
  9 rats
77 creatures vanquished.

Notes
Turn   | Place    | Note
--------------------------------------------------------------
     0 | D:1      | Etesian the Minotaur Fighter began the quest for the Orb.
     0 | D:1      | Reached XP level 1. HP: 19/19 MP: 0/0
   255 | D:1      | Reached XP level 2. HP: 27/27 MP: 1/1
   403 | D:1      | Reached skill level 3 in Axes
   753 | D:2      | Reached XP level 3. HP: 30/33 MP: 2/2
   921 | D:2      | Noticed Robin
   935 | D:2      | Killed Robin
   935 | D:2      | Reached XP level 4. HP: 30/40 MP: 3/3
  1076 | D:2      | Noticed Jessica
  1086 | D:2      | Killed Jessica
  1086 | D:2      | Reached skill level 4 in Axes
  1422 | D:3      | You fall through a shaft for 3 floors!
  1426 | D:6      | Noticed an ogre
  1433 | D:6      | Killed an ogre
  1433 | D:6      | Reached XP level 5. HP: 9/47 MP: 4/4
  1583 | D:6      | Noticed Edmund
  1594 | D:5      | Entered Level 5 of the Dungeon
  1597 | D:5      | Reached skill level 5 in Axes
  1609 | D:5      | Killed Edmund
  1609 | D:5      | Reached skill level 5 in Fighting
  1609 | D:5      | Reached skill level 5 in Armour
  1609 | D:5      | Reached skill level 5 in Shields
  1609 | D:5      | Reached XP level 6. HP: 26/56 MP: 5/5
  1933 | D:3      | Found a white marble altar of Elyvilon.
  2077 | D:3      | You fall through a shaft for 3 floors!
  2086 | D:6      | Reached skill level 6 in Axes
  2116 | D:6      | Reached XP level 7. HP: 15/61 MP: 6/6
  3185 | D:4      | Slain by an ogre

Vault maps used:
D:1:      zelgadis_glass_arrival_small, serial_park_tiny_2
D:2:      first_bread, minivault_4, minivault_23, uniq_robin, uniq_jessica
D:3:      old_standard_altar, corner_web_ring
D:4:      overflow_temple_1_default
D:5:      temple_statues
D:6:      roderic_serpentine_path, nicolae_sextant, nrook_mini_vaults,
          hangedman_abyss_or_decor_passed, nemelex_diamond_rough_becter,
          uniq_edmund

Skill      XL: |  1  2  3  4  5  6 |
---------------+-------------------+-----
Axes           | 3 4 5 6 |  6.4
Shields        | 4 5 |  5.5
Fighting       | 4 5 |  5.6
Armour         | 4 5 |  5.5

Action                   |  1- 3 |  4- 6 |  7- 9 || total
-------------------------+-------+-------+-------++-------
Melee: War axe           |    60 |    84 |    30 ||   174
       Headbutt          |     8 |    22 |     4 ||    34
  Use: Scroll            |       |     7 |     5 ||    12
  Eat: Chunk             |       |     4 |     3 ||     7
Armor: Scale mail        |    49 |    39 |    11 ||    99
Dodge: Dodged            |    16 |    35 |     6 ||    57
Block: Shield            |    32 |    61 |    23 ||   116
       Reflection        |       |     2 |     1 ||     3
